 Dungeon Crawl Stone Soup version 0.28.0-53-g5a82cb258f (webtiles) character file.

Game seed: 17560747094225982897

95 DocClef the Cutter (level 4, -3/28 HPs)
             Began as a Gargoyle Monk on July 5, 2022.
             Killed from afar by Natasha (7 damage)
             ... with a magic dart
             ... on level 2 of the Dungeon.
             The game lasted 00:01:25 (2264 turns).

DocClef the Cutter (Gargoyle Monk)                  Turns: 2264, Time: 00:01:25

Health: -3/28      AC:  5    Str: 15    XL:     4   Next: 66%
Magic:  4/4        EV: 12    Int: 10    God:
Gold:   74         SH:  5    Dex: 14    Spells: 3/3 levels left

rFire   . . .      SeeInvis .   i - +0 short sword (venom)
rCold   . . .      Faith    .   (no shield)
rNeg    + . .      Spirit   .   b - +0 robe
rPois   ∞          Reflect  +   (no helmet)
rElec   +          Harm     .   (no cloak)
rCorr   .          Rampage  .   (no gloves)
Will    .....                   (no boots)
Stlth   ++........              j - amulet of reflection
HPRegen 0.09/turn               (no ring)
MPRegen 0.09/turn               (no ring)

@: no status effects
A: sickness immunity, AC +3, negative energy resistance 1, electricity
resistance, torment resistance 1, petrification resistance
a: no special abilities


You were on level 2 of the Dungeon.
You visited 1 branch of the dungeon, and saw 2 of its levels.

You collected 74 gold pieces.

Inventory:

Hand Weapons
 a - a +0 short sword
 i - a +0 short sword of venom (weapon)
Armour
 b - a +0 robe (worn)
Jewellery
 j - an amulet of reflection (around neck)
Scrolls
 c - a scroll of fog {unknown}
 d - a scroll of amnesia {unknown}
 e - a scroll of vulnerability {unknown}
 f - 2 scrolls of teleportation {unknown}
 g - a scroll of enchant weapon {unknown}
 h - 2 scrolls of identify {unknown}
 k - a scroll of blinking {unknown}


   Skills:
 - Level 3.2 Fighting
 + Level 4.8 Short Blades
 - Level 2.4 Dodging
 - Level 2.1 Stealth


You had 3 spell levels left.
You didn't know any spells.
Your spell library contained the following spells:

 Spells                   Type           Power      Damage    Failure   Level
 Magic Dart               Conj           0%         1d3       36%         1
 Call Imp                 Summ           0%         N/A       50%         2
 Mephitic Cloud           Conj/Pois/Air  0%         N/A       75%         3
 Airstrike                Air            0%         N/A       98%         4
 Summon Lightning Spire   Summ/Air       0%         N/A       98%         4
 Lightning Bolt           Conj/Air       0%         1d11      100%        5


Dungeon Overview and Level Annotations

Branches:
Dungeon (2/15)

Altars:

Annotations:
D:2 Natasha


Innate Abilities, Weirdness & Mutations

You are immune to sickness and miasma.
Your stone body is resilient. (AC +3)
You are immune to poison.
You resist negative energy. (rN+)
You are resistant to electric shocks. (rElec)
You are resistant to unholy torment.
You are immune to petrification.


Message History

Natasha moves out of view.
You can't go down here!
No target in view!
No target in view!
No target in view!
No target in view!
What are your orders? t - Shout!
Orders for allies: a - Attack new target. r - Retreat! s - Stop attacking. g - Guard the area. f - Follow me.
Anything else - Cancel.
You shout for attention!
You hear an angry hiss.
Natasha zaps a wand.
The puff of flame hits you.
Natasha stares at you and mumbles some strange words.
The magic dart hits you.
Natasha zaps a wand.
The puff of flame misses you. Natasha claws you but does no damage.
You barely miss Natasha. Natasha claws you.
You completely miss Natasha. Natasha casts a spell at you.
The magic dart hits you!
You are too injured to fight recklessly!
You are too injured to fight recklessly!
You are too injured to fight recklessly!
You are too injured to fight recklessly!
You are too injured to fight recklessly!
You barely miss Natasha. Natasha casts a spell at you.
You resist with some effort.
You barely miss Natasha. You punch Natasha.
Natasha is lightly wounded.
Natasha hisses.
Natasha zaps a wand.
The puff of flame hits you!
* * * LOW HITPOINT WARNING * * *
You closely miss Natasha.
Natasha is lightly wounded.
Natasha casts a spell at you. The magic dart hits you!
You die...

......# ###.##.# #########
......## #.##.# ##(..#...##
.......######.##.## ##.........##
.....#..#.........###...........#
.....##.#..........##...........#
.....##.........................#
####..............####.........##
.####............h#####...#...###
..#<..##........@...#####.##### #
....###...........#.(......# #
..##.............##........######
..##..............#..............
......##.##...>...#........######
..##..#.#.#................#####.
.###..#...#.................>....
## #..#.).#....<..#........######
# ##.##.##......##........#


You could see Natasha.

Vanquished Creatures
  Natasha (twice) (D:2)
  A dart slug (D:2)
  2 endoplasms (D:1)
  3 giant cockroaches
  5 goblins
  6 hobgoblins
  6 jackals (D:1)
  3 kobolds
  A quokka (D:1)
  2 ball pythons
  4 bats
  5 rats (D:1)
40 creatures vanquished.

Notes
Turn   | Place    | Note
-------+----------+-------------------------------------------
     0 | D:1      | DocClef the Gargoyle Monk began the quest for the Orb.
     0 | D:1      | Reached XP level 1. HP: 14/14 MP: 1/1
    93 | D:1      | Reached skill level 3 in Short Blades
   138 | D:1      | Reached XP level 2. HP: 16/19 MP: 2/2
  1021 | D:1      | Reached XP level 3. HP: 11/23 MP: 3/3
  1472 | D:2      | Noticed Natasha
  1487 | D:2      | Killed Natasha
  1488 | D:2      | Reached skill level 4 in Short Blades
  1580 | D:2      | Reached XP level 4. HP: 26/28 MP: 4/4
  1749 | D:2      | Noticed Natasha
  1756 | D:2      | Killed Natasha
  1971 | D:2      | Found a faded altar of an unknown god.
  2249 | D:2      | Noticed Natasha
  2264 | D:2      | Killed from afar by Natasha

Illustrated notes

Levels and vault maps discovered:
D:1:      dpeg_arrival_subterranean_lakeside_camping, layout_loops_corners
D:2:      layout_rooms, dilly_ecumenical_altar_fadedgnrine,
          kennysheep_cross_room, minmay_distorted, uniq_natasha

Skill      XL: |  1  2  3 |
---------------+----------+-----
Short Blades   | 3 4 |  4.8
Fighting       | |  3.2
Dodging        | |  2.4
Stealth        | |  2.1

Action                   |  1- 3 |  4- 6 || total
-------------------------+-------+-------++-------
Melee: Short sword       |   111 |    41 ||   152
       Punch             |     3 |     1 ||     4
 Stab: Sleeping          |     6 |     2 ||     8
Armor: Robe              |    46 |     8 ||    54
Dodge: Dodged            |    75 |    18 ||    93
